 Dungeon Crawl Stone Soup version 0.25-a0-246-g58704a1ebd (webtiles) character file.

Game seed: 6430802965785583715, levelgen mode: classic

11841 Borgoz the Slicer (level 11, -1/68 HPs)
             Began as a Gargoyle Gladiator on Dec 4, 2019.
             Was a High Priest of Okawaru.
             Slain by an unseen horror (3 damage)
             ... on level 11 of the Dungeon.
             The game lasted 00:24:55 (13454 turns).

Borgoz the Slicer (Gargoyle Gladiator)             Turns: 13454, Time: 00:24:56

Health: -1/68      AC: 17    Str: 22    XL:     11   Next: 84%
Magic:  16/16      EV: 12    Int:  8    God:    Okawaru [*****.]
Gold:   543        SH:  6    Dex: 11    Spells: 10/10 levels left

rFire    + + .     SeeInvis .   a - +2 rapier (elec)
rCold    . . .     Gourm    .   r - +2 buckler {rN+}
rNeg     + + .     Faith    .   E - +1 leather armour {rF+}
rPois    ∞         Spirit   .   c - +1 helmet
rElec    +         Reflect  .   x - scarf {repulsion}
rCorr    .         Harm     .   F - +1 pair of gloves
MR       .....                  (no boots)
Stlth    ++........             (no amulet)
HPRegen  0.21/turn              m - ring of protection from fire
MPRegen  0.15/turn              y - -2 ring of evasion (curse)

@: marked, repel missiles
A: negative energy resistance 1, electricity resistance, unbreathing,
petrification resistance, rot immunity, AC +8
a: Heroism, Finesse, Renounce Religion


You were on level 11 of the Dungeon.
You worshipped Okawaru.
Okawaru was extremely pleased with you.
You were not hungry.

You visited 2 branches of the dungeon, and saw 12 of its levels.

You collected 543 gold pieces.

Inventory:

Hand Weapons
 a - a +2 rapier of electrocution (weapon)
 b - a +4 dagger of venom
 j - the +6 short sword "Jepnadiri" {distort, *Slow Dex+4 Stlth+}
   (Okawaru gifted it to you on level 9 of the Dungeon)

   It warps and distorts space around it.
   Unwielding it can cause banishment or high damage.
   It affects your dexterity (+4).
   It may slow you when you take damage.
   It makes you more stealthy.
 l - a +0 short sword of speed
Missiles
 d - 2 throwing nets (quivered)
Armour
 c - a +1 helmet (worn)
 n - the +3 hat of Pondering {ponderous, MR+ MP+10 Int+5}
   (You took it off Gastronok on level 9 of the Dungeon)

   It affects your intelligence (+5).
   It affects your resistance to hostile enchantments.
   It affects your magic capacity (+10).
 r - a +2 buckler of positive energy (worn)
 x - a scarf of repulsion (worn)
 E - a +1 leather armour of fire resistance (worn)
 F - a +1 pair of gloves (worn)
Jewellery
 e - an uncursed ring of flight
 m - a ring of protection from fire (left hand)
 o - an uncursed ring of protection from cold
 y - a cursed -2 ring of evasion (right hand)
Wands
 w - a wand of paralysis (17)
 A - a wand of flame (7)
 B - a wand of polymorph (7)
 D - a wand of enslavement (9)
Scrolls
 k - 3 scrolls of remove curse
 p - a scroll of identify
 q - a scroll of fog
 s - a scroll of amnesia
 C - a scroll of magic mapping
Potions
 g - 3 potions of heal wounds {unknown}
 h - 2 potions of brilliance
 i - a potion of agility
 t - 2 potions of resistance
 u - a potion of magic
 z - a potion of cancellation
Comestibles
 f - 15 rations


   Skills:
 + Level 8.2 Fighting
 * Level 10.1 Short Blades
 - Level 1.7 Throwing
 + Level 8.0 Armour
 + Level 6.7 Dodging
 - Level 5.0 Stealth
 + Level 2.4 Shields
 + Level 7.3 Invocations


You had 10 spell levels left.
You didn't know any spells.
Your spell library was empty.

Dungeon Overview and Level Annotations

Branches:
Dungeon (11/15)            Temple (1/1) D:4            Lair (0/6) D:11
    Orc: D:9-12

Altars:
Ashenzari
Cheibriados
Dithmenos
Elyvilon
Fedhas
Gozag
Hepliaklqana
Kikubaaqudgha
Makhleb
Nemelex Xobeh
Okawaru
Qazlal
Ru
Sif Muna
Trog
Uskayaw
Vehumet
Wu Jian
Xom
Yredelemnul
Zin
The Shining One


Innate Abilities, Weirdness & Mutations

You are resistant to torment.
Your stone body is resilient. (AC +8)
You are immune to poison.
You resist negative energy. (rN+)
You are resistant to electric shocks. (rElec)
You can survive without breathing.
You are immune to petrification.
You are immune to rotting.


Message History

The wyvern is severely wounded.
Something hits you!
* * * LOW HITPOINT WARNING * * *
You block the wyvern's attack. Something hits you but does no damage.
You block the wyvern's attack.
You hit the wyvern.
The wyvern is severely wounded.
Something hits you.
* * * LOW HITPOINT WARNING * * *
Something hits you but does no damage. You block the wyvern's attack.
You hit the wyvern.
The wyvern is almost dead.
Something hits you.
* * * LOW HITPOINT WARNING * * *
Something hits you but does no damage. The wyvern bites you.
* * * LOW HITPOINT WARNING * * *
Okay, then.
Okay, then.
Something hits you.
You die...

... .# #.# ###.# .# ...
..#.# .# ... ... .....
.# #.# #.# #.#.#####
.### #.# #.# #.#.....
...# #.# #.# #.#...
##.# #.#
##.####o#.###... ...#
#.# #.(.@)lo........
..######.#
#.##.##h#.###...
.÷÷....#.# #.#...#.#>#
..####.#.####...#...#.#
..####.#.......###..#.#
...P##<.........#..##.#
...P.#.########...## .#
.......# #.## .#
.......# .#


You could see a wyvern, a hound and 2 orcs.

Vanquished Creatures
  Gastronok (D:9)
  Harold (D:11)
  2 two-headed ogres
  A centaur zombie (D:10)
  2 hornets (D:9)
  2 hippogriffs (D:9)
  18 yaks
  2 soldier ants
  4 porcupines (D:11)
  3 ice beasts
  A hornet zombie (D:7)
  2 orc warriors
  2 sky beasts
  A black bear (D:8)
  2 phantoms
  4 ogres
  A centaur (D:10)
  The ghost of MisterFreud the Chiller, an amateur GnIE (D:3)
  3 crocodiles (D:11)
  2 big kobolds
  The ghost of Orphidia the Changer, an amateur DETm (D:3)
  2 bullfrogs
  A wyvern zombie (D:9)
  A wyvern skeleton (D:8)
  A water moccasin zombie (D:11)
  3 scorpions
  A wight (D:6)
  The ghost of Yermak the Firebug, a weakling CeFE (D:3)
  A howler monkey (D:5)
  6 crimson imps
  A quasit (D:6)
  8 hounds
  3 jellies
  A centaur skeleton (D:11)
  4 orc priests
  3 bullfrog skeletons
  2 bullfrog zombies
  2 iguanas
  9 orc wizards
  3 worker ants
  2 hound skeletons
  A worker ant zombie (D:6)
  10 adders
  11 gnolls
  2 howler monkey skeletons
  5 shadow imps
  An adder skeleton (D:4)
  An adder zombie (D:6)
  A worm (D:3)
  A dart slug (D:3)
  7 leopard geckos
  30 orcs
  A bat (D:2)
  7 giant cockroaches
  4 hobgoblins
  22 jackals
  7 quokkas
  2 frilled lizards
  7 goblins
  A jackal skeleton (D:4)
  17 kobolds
  2 leopard gecko skeletons (D:4)
  7 rats
258 creatures vanquished.

Vanquished Creatures (others)
  5 dream sheep (D:5)
  3 plants (D:11)
8 creatures vanquished.

Grand Total: 266 creatures vanquished

Notes
Turn   | Place    | Note
-------+----------+-------------------------------------------
     0 | D:1      | Borgoz the Gargoyle Gladiator began the quest for the Orb.
     0 | D:1      | Reached XP level 1. HP: 12/12 MP: 1/1
   404 | D:2      | Reached XP level 2. HP: 17/17 MP: 2/2
   430 | D:2      | Reached skill level 3 in Short Blades
   546 | D:2      | Reached skill level 1 in Stealth
   617 | D:2      | Reached XP level 3. HP: 21/22 MP: 3/3
   646 | D:2      | Reached skill level 1 in Armour
   978 | D:2      | Reached XP level 4. HP: 27/27 MP: 4/4
  1841 | D:3      | Reached XP level 5. HP: 21/32 MP: 5/5
  1889 | D:4      | Noticed a phantom
  2230 | D:3      | Found a runed translucent gate.
  2230 | D:3      | Found a runed translucent gate.
  2230 | D:3      | Noticed Orphidia's ghost (amateur DETm)
  2231 | D:3      | Found a runed translucent gate.
  2231 | D:3      | Noticed MisterFreud's ghost (amateur GnIE)
  2231 | D:3      | Noticed Yermak's ghost (weakling CeFE)
  2304 | D:3      | Reached skill level 4 in Short Blades
  2307 | D:3      | Reached XP level 6. HP: 28/37 MP: 6/6
  2507 | D:3      | Found a glowing golden altar of the Shining One.
  2937 | D:4      | Killed a phantom
  3116 | D:4      | Found a staircase to the Ecumenical Temple.
  3130 | Temple   | Entered the Ecumenical Temple
  3216 | Temple   | Became a worshipper of Warmaster Okawaru
  3387 | D:4      | Found a stormy altar of Qazlal.
  3425 | D:4      | Reached XP level 7. HP: 28/42 MP: 7/7
  3452 | D:5      | Entered Level 5 of the Dungeon
  3953 | D:5      | Reached skill level 1 in Invocations
  4122 | D:5      | Reached skill level 5 in Short Blades
  4253 | D:5      | Reached * piety under Okawaru
  4663 | D:5      | Noticed a dream sheep
  4663 | D:5      | Noticed a dream sheep
  4663 | D:5      | Noticed a dream sheep
  4663 | D:5      | Noticed a dream sheep
  4663 | D:5      | Noticed a dream sheep
  4663 | D:5      | Found a shimmering altar of Xom.
  4669 | D:5      | Killed a dream sheep
  4669 | D:5      | Killed a dream sheep
  4669 | D:5      | Killed a dream sheep
  4669 | D:5      | Killed a dream sheep
  4670 | D:5      | Killed a dream sheep
  5138 | D:4      | Reached XP level 8. HP: 48/48 MP: 9/9
  5658 | D:6      | Reached skill level 6 in Short Blades
  5850 | D:6      | Found an opulent altar of Gozag.
  5851 | D:6      | Found a stormy altar of Qazlal.
  5853 | D:6      | Found a radiant altar of Vehumet.
  5853 | D:6      | Found a sparkling altar of Nemelex Xobeh.
  5853 | D:6      | Found a shadowy altar of Dithmenos.
  5864 | D:6      | Found a burning altar of Makhleb.
  5865 | D:6      | Found a blossoming altar of Fedhas.
  5889 | D:5      | Found a shimmering blue altar of Sif Muna.
  6690 | D:7      | Reached ** piety under Okawaru
  6700 | D:7      | Reached skill level 5 in Fighting
  7474 | D:6      | Identified a scroll of acquirement
  7492 | D:7      | Reached XP level 9. HP: 54/54 MP: 11/11
  8569 | D:8      | Reached skill level 5 in Armour
  8611 | D:8      | Reached skill level 7 in Short Blades
  8723 | D:8      | Reached *** piety under Okawaru
  8934 | D:8      | Noticed a two-headed ogre
  8945 | D:8      | Killed a two-headed ogre
  8945 | D:8      | Reached skill level 5 in Dodging
  9409 | D:8      | Reached skill level 5 in Stealth
  9409 | D:8      | Reached XP level 10. HP: 60/60 MP: 13/13
  9669 | D:3      | Killed MisterFreud's ghost
  9677 | D:3      | Killed Orphidia's ghost
  9682 | D:3      | Killed Yermak's ghost
  9682 | D:3      | Reached **** piety under Okawaru
  9794 | D:9      | Reached skill level 5 in Invocations
  9975 | D:9      | Reached skill level 8 in Short Blades
 10506 | D:9      | Reached ***** piety under Okawaru
 10872 | D:9      | Noticed Gastronok
 10887 | D:9      | HP: 3/61 [Gastronok (30)]
 11332 | D:9      | Received a gift from Okawaru
 11335 | D:9      | Got an ichor-stained short sword {god gift}
 11336 | D:9      | Identified the +6 short sword "Jepnadiri" {distort, *Slow
                  | Dex+4 Stlth+} (Okawaru gifted it to you on level 9 of the
                  | Dungeon)
 11638 | D:9      | Killed Gastronok
 11638 | D:9      | Reached skill level 9 in Short Blades
 11638 | D:9      | Reached XP level 11. HP: 47/67 MP: 15/15
 12314 | D:10     | Entered Level 10 of the Dungeon
 12410 | D:10     | Noticed a two-headed ogre
 12424 | D:10     | Killed a two-headed ogre
 12424 | D:10     | Received a gift from Okawaru
 12625 | D:10     | Reached skill level 1 in Shields
 12789 | D:11     | Found a staircase to the Lair.
 12935 | D:11     | Reached skill level 10 in Short Blades
 13018 | D:11     | HP: 1/68 [something (8)]
 13395 | D:11     | Noticed Harold
 13437 | D:11     | Killed Harold
 13453 | D:11     | HP: 2/68 [wyvern (5)]
 13454 | D:11     | Slain by an unseen horror

Levels and vault maps discovered:
D:1:      evilmike_arrival_plus, layout_basic
D:2:      layout_loops_corners
D:3:      layout_basic, gammafunk_ghost_cemetery, tso_altar
D:4:      layout_basic, minmay_temple_entry_overgrown, grunt_qazlal_sundering
D:5:      lemuel_upstairs_altar, layout_layer_cave, first_ration, st_stairs_1,
          solitary_fountain, kb_xom_exploding_sheep
D:6:      layout_layer_cave, grunt_temple_overflow_open, serial_park_tiny_1,
          minmay_fractal_squares_5
D:7:      layout_rooms
D:8:      layout_gridville
D:9:      layout_loops_corners, david_orc_4, hangedman_pestilent_swarm,
          uniq_gastronok
D:10:     layout_rooms
D:11:     layout_loops_ring, minmay_lair_entry_grove, evilmike_ruin_ashenzari,
          uniq_harold
Temple:   regret_index_temple_generic_petals

Skill      XL: |  1  2  3  4  5  6  7  8  9 10 11 |
---------------+----------------------------------+-----
Short Blades   | 3 4 5 6 7 9 10 | 10.1
Stealth        | 1 2 3 5 |  5.0
Armour         | 1 2 3 4 5 7 8 |  8.0
Fighting       | 3 4 5 6 7 8 |  8.2
Dodging        | 3 4 5 6 |  6.7
Invocations    | 1 3 4 6 7 |  7.3
Shields        | 2 |  2.4
Throwing       | |  1.7

Action                   |  1- 3 |  4- 6 |  7- 9 | 10-12 || total
-------------------------+-------+-------+-------+-------++-------
Melee: Rapier            |    67 |       |       |   356 ||   423
       Dagger            |    33 |   184 |   420 |    75 ||   712
       Short sword       |       |       |       |     4 ||     4
Throw: Throwing net      |       |       |     2 |     3 ||     5
Invok: Heroism           |       |       |       |     1 ||     1
       Finesse           |       |       |       |     1 ||     1
Evoke: Wand              |       |       |     1 |     8 ||     9
  Use: Scroll            |       |     9 |     7 |    11 ||    27
       Potion            |       |       |     2 |     5 ||     7
 Stab: Sleeping          |       |     3 |    12 |     4 ||    19
       Distracted        |       |     1 |       |       ||     1
       Paralysed         |       |       |     1 |     2 ||     3
       Held in net/web   |       |       |       |     4 ||     4
  Eat: Chunk             |       |     8 |    11 |     7 ||    26
       Ration            |       |       |     2 |     2 ||     4
Armor: Leather armour    |    37 |    65 |   118 |   197 ||   417
Dodge: Dodged            |    53 |    75 |   178 |   174 ||   480
       Deflected         |       |       |     1 |       ||     1
Block: Buckler           |       |       |       |    40 ||    40

Table legend:
 A = Non-vault XP
 B = Vault XP
 C = Vault XP percentage of total XP
 D = Non-vault monster count
 E = Vault monster count
 F = Vault count percentage of total count
                 A         B        C        D         E       F
            +---------+---------+-------+---------+---------+-------
      Total |   10626 |    6290 |  37.2 |     230 |      28 |  10.9
            +---------+---------+-------+---------+---------+-------
        D:1 |      16 |       0 |   0.0 |      11 |       0 |   0.0
        D:2 |      76 |       0 |   0.0 |      21 |       0 |   0.0
        D:3 |     210 |     261 |  55.4 |      35 |       3 |   7.9
        D:4 |     420 |       0 |   0.0 |      23 |       0 |   0.0
        D:5 |     483 |      13 |   2.6 |      25 |       1 |   3.8
        D:6 |     530 |     328 |  38.2 |      19 |       4 |  17.4
        D:7 |     776 |       0 |   0.0 |      18 |       0 |   0.0
        D:8 |    2329 |       0 |   0.0 |      22 |       0 |   0.0
        D:9 |    2523 |    2778 |  52.4 |      17 |       6 |  26.1
       D:10 |    2913 |       0 |   0.0 |      28 |       0 |   0.0
       D:11 |     350 |    2910 |  89.3 |      11 |      14 |  56.0
            +---------+---------+-------+---------+---------+-------
